 Seeded DCSS version 0.31-a0-339-gda1cbd555d (webtiles) character file.

Game seed: 14215367866634240820 (custom seed)

2813 innerfire43 the Spear-Bearer (level 9, -4/70 (74) HPs)
             Began as a Demonspawn Monk on July 20, 2023.
             Was a Believer of Cheibriados.
             Slain by a wight
             ... wielding a +4 great sword
              (11 damage)
             ... on level 7 of the Dungeon.
             The game lasted 00:08:19 (5944 turns).

innerfire43 the Spear-Bearer (Demonspawn Monk)      Turns: 5944, Time: 00:08:20

HP:   -4/70 (74)    AC:  3    Str: 20    XL:     9   Next: 44%
MP:   9/9           EV: 13    Int: 16    God:    Cheibriados [**....]
Gold: 367           SH:  4    Dex: 19    Spells: 8/8 levels left

rFire   . . .        q - +8 bardiche (venom)
rCold   . . .        (shield currently unavailable)
rNeg    . . .        b - +0 robe
rPois   +            (helmet restricted)
rElec   .            (no cloak)
rCorr   +            (no gloves)
SInv    .            p - +0 pair of boots
Will    .....        (no amulet)
Stlth   ++           x - ring of resist corrosion
HPRegen 0.31/turn    J - ring of poison resistance
MPRegen 0.11/turn

%: no passive effects
@: drained, very slow
A: horns 1, large bone plates 1, demonic guardian 2, condensation shield
a: Renounce Religion, Bend Time


You were on level 7 of the Dungeon.
You worshipped Cheibriados.
Cheibriados was pleased with you.
You visited 2 branches of the dungeon, and saw 8 of its levels.
You also visited: Sewer.

You collected 367 gold pieces.

Inventory:

Hand Weapons
 q - a +8 bardiche of venom (weapon)
 r - a +0 trident
Missiles
 h - 5 silver javelins (quivered)
Armour
 b - a +0 robe (worn)
 d - an orb of light
 k - a +2 helmet
 p - a +0 pair of boots (worn)
Jewellery
 x - a ring of resist corrosion (left hand)
 F - a ring of see invisible
 H - a ring of flight
 J - a ring of poison resistance (right hand)
Talismans
 C - a serpent talisman
Wands
 a - a wand of roots (19)
 s - a wand of polymorph (26)
 u - a wand of mindburst (19)
 y - a wand of quicksilver (17)
 E - a wand of paralysis (13)
Scrolls
 f - a scroll of fog
 g - a scroll of torment {unknown}
 i - a scroll of amnesia {unknown}
 j - 4 scrolls of enchant armour {unknown}
 l - 3 scrolls of poison {unknown}
 n - a scroll of teleportation {unknown}
 o - 8 scrolls of identify {unknown}
 w - 2 scrolls of blinking {unknown}
 A - 2 scrolls of vulnerability {unknown}
 D - a scroll of summoning {unknown}
 G - a scroll of fear {unknown}
 I - a scroll of enchant weapon
Potions
 e - a potion of degeneration {unknown}
 m - a potion of berserk rage {unknown}
 t - 3 potions of curing
 v - a potion of lignification {unknown}
 z - a potion of attraction {unknown}
 B - 2 potions of haste {unknown}
 K - a potion of might {unknown}
 L - 2 potions of brilliance {unknown}


   Skills:
 + Level 7.8 Fighting
 + Level 8.9 Polearms
 * Level 5.0 Armour
 - Level 3.0 Dodging


You had 8 spell levels left.
You didn't know any spells.
Your spell library contained the following spells:

 Spells                   Type           Power      Damage    Failure   Level
 Apportation              Tloc           0%         N/A       26%         1
 Necrotise                Necr           0%         1d4       26%         1
 Sandblast                Erth           0%         2d4       26%         1
 Summon Small Mammal      Summ           0%         N/A       26%         1
 Passwall                 Tmut/Erth      0%         N/A       36%         2
 Sublimation of Blood     Necr           0%         N/A       36%         2
 Gell's Gravitas          Tloc           0%         N/A       58%         3
 Stone Arrow              Conj/Erth      0%         3d7       58%         3
 Teleport Other           Tloc           0%         N/A       58%         3
 Petrify                  Tmut/Erth      0%         N/A       94%         4
 Irradiate                Conj/Tmut      0%         3d11      100%        5
 Dispersal                Tloc           0%         N/A       100%        6


Dungeon Overview and Level Annotations

Branches:
Dungeon (7/15)             Temple (1/1) D:7           Sewer (visited)

Altars:
Ashenzari
Cheibriados
Dithmenos
Fedhas
Gozag
Hepliaklqana
Makhleb
Okawaru
Qazlal
Sif Muna
Trog
Vehumet
Wu Jian
Xom

Shops:
D:4 [   D:5 *   D:7 *


Innate Abilities, Weirdness & Mutations

You have a pair of small horns on your head.
You are partially covered in large bone plates. (SH +4)
A demonic guardian rushes to your aid.
A meltable shield of frost defends you. (SH +0)


Message History

The wight throws a stone.
The stone hits you but does no damage.
A wight is nearby!
The wight hits you from afar with a +5 trident!
You reach to attack!
You slice the wight!!
You destroy the wight!
Cheibriados appreciates the change of pace.
Your Armour skill increases to level 5!
A wight comes into view. It is wielding a +0 scimitar.
A wight comes into view. It is wielding a +4 great sword.
There are monsters nearby!
You slice the wight!!
You destroy the wight!
Cheibriados appreciates the change of pace.
There are monsters nearby!
You hit the wight but do no damage. The wight hits you with a +0 scimitar!
You feel drained.
The wight hits you with a +4 great sword!!
* * * LOW HITPOINT WARNING * * *
The wight hits you with a +0 scimitar!
* * * LOW HITPOINT WARNING * * *
A demonic guardian appears!
You are confused.
You feel invigorated. The wight barely misses you.
The wight hits you with a +0 scimitar!
* * * LOW HITPOINT WARNING * * *
Your rust devil hits the wight.
Your rust devil corrodes the wight!
Unknown command.
You feel better.
You feel less invigorated. The wight misses you.
The wight hits you with a +0 scimitar!
* * * LOW HITPOINT WARNING * * *
You feel drained.
* * * LOW HITPOINT WARNING * * *
Your rust devil hits the wight.
The wight seems to be corroded for longer.
Your rust devil hits the wight.
Your rust devil corrodes the wight!
Okay, then.
You barely miss the wight.
The wight is moderately damaged.
The wight hits you with a +4 great sword!
You die...

#.##### #.###.....'..>. #.#
#<........#.⌠.⌠ #.#
##....#####.... #.# #....# ###'#
#.# ##....### #[[ #.#
###)......## ##. #.#
##.4.#)#..... . #.#
####zz###.####..## . #.# #.).@##
#.# #...###. #.# #[$.#### #.#
....... #####.#...# #.# #[#..#
#.....#.# ##.# ###....# #.....#.#
##..# #....#.# #.......# #..##
##.#.##.. #......##
#######.#####..#.>##.
.##...................##..###)##.
.........##########.#............


You could see 2 wights and a friendly rust devil (summoned).

Vanquished Creatures
  Pikel (D:7)
  2 water moccasins
  Duvessa (D:7)
  An ice beast (D:7)
  2 sky beasts
  3 black bears
  A lemure (D:7)
  A phantom (D:5)
  3 scorpions
  5 wights (D:7)
  Dowan (D:7)
  5 hounds
  3 iguanas
  An orc wizard (D:6)
  A gnoll (D:2)
  4 adders
  2 white imps
  2 worms
  A dart slug (D:2)
  10 orcs
  10 ball pythons
  9 endoplasms
  8 giant cockroaches
  9 goblins
  6 hobgoblins
  6 jackals (D:1)
  6 kobolds
  10 quokkas
  5 bats
  6 frilled lizards
  3 rats
128 creatures vanquished.

Vanquished Creatures (collateral kills)
  Maggie (D:7)
  Pargi (Sewer)
  An orc priest (D:3)
  Ijyb (D:4)
  Terence (D:3)
  3 gnolls (D:2)
  A dart slug (D:1)
  2 orcs (D:3)
  An endoplasm (D:4)
  2 kobolds (D:4)
  A rat (D:1)
15 creatures vanquished.

Grand Total: 143 creatures vanquished

Notes
Turn   | Place    | Note
-------+----------+-------------------------------------------
     0 | D:1      | innerfire43 the Demonspawn Monk began the quest for the
                  | Orb.
     0 | D:1      | Reached XP level 1. HP: 18/18 MP: 1/1
    62 | D:1      | Gained mutation: A weak demonic guardian rushes to your
                  | aid. [demonic ancestry]
    62 | D:1      | Reached XP level 2. HP: 6/24 MP: 2/2
   249 | D:1      | Reached skill level 3 in Polearms
   533 | D:1      | Reached XP level 3. HP: 28/29 MP: 3/3
  1416 | D:2      | Gained mutation: A demonic guardian rushes to your aid.
                  | [demonic ancestry]
  1416 | D:2      | Reached XP level 4. HP: 26/37 MP: 4/4
  1421 | D:2      | Reached skill level 4 in Polearms
  1818 | D:3      | Reached XP level 5. HP: 25/42 MP: 5/5
  2048 | D:3      | Noticed Terence
  2068 | D:3      | Killed Terence
  2806 | D:4      | Noticed Ijyb
  2819 | D:4      | Killed Ijyb
  3007 | D:4      | Noticed a black bear
  3014 | D:4      | Killed a black bear
  3015 | D:4      | Reached skill level 5 in Polearms
  3015 | D:4      | Reached XP level 6. HP: 43/49 MP: 6/6
  3072 | D:4      | Found Junwutirr's Armour Shoppe.
  3221 | D:4      | Found a glowing drain.
  3253 | Sewer    | Entered a sewer
  3308 | Sewer    | Noticed Pargi
  3314 | Sewer    | Killed Pargi
  3315 | Sewer    | Reached skill level 5 in Fighting
  3657 | D:4      | Reached skill level 6 in Polearms
  3657 | D:4      | Gained mutation: A meltable shield of frost defends you.
                  | (SH +0) [demonic ancestry]
  3657 | D:4      | Reached XP level 7. HP: 32/56 MP: 7/7
  3810 | D:5      | Entered Level 5 of the Dungeon
  4257 | D:5      | Identified a scroll of acquirement
  4257 | D:5      | Acquired a +7 bardiche of venom
  4376 | D:5      | Reached skill level 7 in Polearms
  4588 | D:5      | Found Ucuimn's Serpentskin Sales.
  4592 | D:5      | Gained mutation: You are partially covered in large bone
                  | plates. (SH +4) [demonic ancestry]
  4592 | D:5      | Reached XP level 8. HP: 44/64 MP: 8/8
  5056 | D:6      | Identified the +1 long sword "Demon's Foe" {pain, *Slow
                  | rPois Str-4 Int+5}
  5193 | D:6      | Reached skill level 8 in Polearms
  5412 | D:7      | Found a staircase to the Ecumenical Temple.
  5418 | D:7      | Noticed Dowan
  5418 | D:7      | Noticed Duvessa
  5422 | D:7      | Killed Duvessa
  5423 | D:7      | Reached skill level 1 in Armour
  5427 | D:7      | Killed Dowan
  5432 | Temple   | Entered the Ecumenical Temple
  5455 | Temple   | Became a worshipper of Cheibriados the Contemplative
  5455 | Temple   | Reached * piety under Cheibriados
  5455 | Temple   | Reached ** piety under Cheibriados
  5484 | D:7      | Noticed Pikel
  5493 | D:7      | Killed Pikel
  5533 | D:7      | Gained mutation: You have a pair of small horns on your
                  | head. [demonic ancestry]
  5533 | D:7      | Reached XP level 9. HP: 64/72 MP: 9/9
  5680 | D:7      | Found Jeemya's Assorted Antiques.
  5917 | D:7      | Noticed Maggie
  5923 | D:7      | Killed Maggie
  5935 | D:7      | Reached skill level 5 in Armour
  5944 | D:7      | Slain by a wight

Illustrated notes

Levels and vault maps discovered:
D:1:      dpeg_arrival_castle, layout_basic, serial_forest,
          infiniplex_forest_straight_2, infiniplex_forest_straight_3,
          infiniplex_forest_clump_double, infiniplex_forest_lined_1,
          infiniplex_forest_clump_small, infiniplex_forest_straight_2,
          infiniplex_forest_lined_3_way
D:2:      layout_rooms
D:3:      layout_basic, general_overflow_altar, uniq_terence
D:4:      minmay_chambers_of_fours, layout_loops_ring, gup_sewer_entry_pipe,
          serial_shops, shop, uniq_ijyb
D:5:      layout_basic, guppyfry_shop_venom
D:6:      layout_rooms
D:7:      layout_rooms, minmay_temple_entry_hall, serial_shops,
          nicolae_shop_overgrown_old_shop, uniq_pikel, uniq_maggie, uniq_duvessa
Temple:   nicolae_temple_elliptical

Skill      XL: |  1  2  3  4  5  6  7  8  9 |
---------------+----------------------------+-----
Dodging        | 3 |  3.0
Polearms       | 3 4 5 6 7 8 |  8.9
Fighting       | 4 5 6 7 |  7.8
Armour         | 3 5 |  5.0

Action                     |  1- 3 |  4- 6 |  7- 9 || total
---------------------------+-------+-------+-------++-------
  Melee: Spear             |   127 |    67 |       ||   194
         Trident           |       |   117 |    73 ||   190
         Bardiche          |       |       |    73 ||    73
         Headbutt          |       |       |     1 ||     1
  Throw: Javelin           |     4 |     1 |       ||     5
    Use: Potion            |       |     2 |     2 ||     4
         Scroll            |       |       |     3 ||     3
   Stab: Sleeping          |       |       |     1 ||     1
 Armour: Robe              |    24 |    45 |    30 ||    99
  Dodge: Dodged            |    83 |   128 |    76 ||   287
  Block: Orb               |       |       |    14 ||    14
         Other             |       |       |    19 ||    19

Table legend: (Time is in decaauts)
 A = Elapsed time spent in this place.
 B = Non-inter-level travel time spent in this place.
 C = Inter-level travel time spent in this place.
 D = Time resting spent in this place.
 E = Time spent auto-exploring this place.
 F = Levels seen in this place.
 G = Mean time per level.
                   A        B        C        D        E       F      G
               +--------+--------+--------+--------+--------+-----+--------+
         Total |   6085 |   5692 |    393 |      0 |   4579 |   9 |  676.1 |
       Dungeon |   5860 |   5519 |    341 |      0 |   4447 |   7 |  837.1 |
        Temple |     55 |      3 |     52 |      0 |      0 |   1 |   55.0 |
         Sewer |    170 |    170 |      0 |      0 |    132 |   1 |  170.0 |
               +--------+--------+--------+--------+--------+-----+--------+

Top non-repeatable levels by time:
     D:1: 1065 daAuts
     D:3: 1045 daAuts
     D:5: 1015 daAuts
     D:4: 950 daAuts
     D:7: 611 daAuts
     D:6: 590 daAuts
     D:2: 580 daAuts
   Sewer: 170 daAuts
  Temple: 55 daAuts
